 Dungeon Crawl Stone Soup version 0.19.0-17-g07987d3 (webtiles) character file.

80350 kroki the Earth Mage (level 15, -7/100 HPs)
             Began as a Gargoyle Earth Elementalist on Nov 10, 2016.
             Was a High Priest of Vehumet.
             Mangled by an orc warlord
             ... wielding a +3 long sword
              (23 damage)
             ... on level 2 of the Orcish Mines on Nov 11, 2016.
             The game lasted 01:01:21 (28084 turns).

kroki the Earth Mage (Gargoyle Earth Elementalist) Turns: 28084, Time: 01:01:22

Health: -7/100     AC: 35    Str: 23    XL:     15   Next: 66%
Magic:  23/43      EV: 12    Int: 29    God:    Vehumet [*****.]
Gold:   2051       SH:  0    Dex: 10    Spells: 9 memorised, 2 levels left

rFire  + . .     SeeInvis .     F - staff of energy {@w1+MP, hungerless spells, !d!a}
rCold  + . .     Gourm    .     c - +1 ring mail of Jiyrot {rElec rN+ rCorr} (curse)
rNeg   + + +     Faith    .     (no shield)
rPois  ∞         Spirit   .     D - +3 hat of Pondering {ponderous, MR+ MP+10 Int+5}
rElec  +         Reflect  .     y - +2 cloak {MR+}
rCorr  +         Harm     .     M - +2 pair of gloves {Str+3}
MR     +++..                    C - +1 pair of boots
Stlth  +.........               N - amulet of magic regeneration
                                m - ring "Gatish" {*Slow rN+ Str+5 Int+3}
                                r - ring of protection from fire {rF+, !d}

@: flying, slowed, very slow
A: big wings, horns 1, iridescent scales 1, cold resistance 1, high mp 1,
negative energy resistance 1, electricity resistance, strong 1, unbreathing,
petrification resistance, rot immunity, AC +11
a: Stop Flying, Renounce Religion


You were on level 2 of the Orcish Mines.
You worshipped Vehumet.
Vehumet was extremely pleased with you.
You were not hungry.

You visited 4 branches of the dungeon, and saw 21 of its levels.
You also visited: Bailey.

You collected 2141 gold pieces.
You spent 90 gold pieces at shops.

Inventory:

Hand Weapons
 t - a +7 club
   (You took it off Ijyb on level 2 of the Dungeon)
 Q - the +14 plutonium sword {*Contam Stlth-}
   (You found it on level 8 of the Dungeon)

   It causes magical contamination when unequipped.
   It makes you less stealthy.
Missiles
 b - 414 stones (quivered)
 p - a tomahawk of dispersal {=f}
Armour
 c - the cursed +1 ring mail of Jiyrot (worn) {rElec rN+ rCorr}
   (You found it on level 12 of the Dungeon)

   It insulates you from electricity.
   It protects you from negative energy.
   It protects you from acid and corrosion.
   It has a curse placed upon it.
 y - a +2 cloak of magic resistance (worn)
   (You found it on level 4 of the Lair of Beasts)
 A - the +1 robe of Sunlight {rN++ Regen+ Dex-5 SInv}
   (You found it on level 11 of the Dungeon)

   It affects your dexterity (-5).
   It greatly protects you from negative energy.
   It lets you see invisible.
   It increases your rate of regeneration.
 C - a +1 pair of boots (worn)
   (You found it on level 5 of the Dungeon)
 D - the +3 hat of Pondering (worn) {ponderous, MR+ MP+10 Int+5}
   (You took it off Gastronok on level 9 of the Dungeon)

   It affects your intelligence (+5).
   It affects your resistance to hostile enchantments.
   It affects your magic capacity (+10).
 M - a +2 pair of gloves of strength (worn)
   (You found it on level 8 of the Dungeon)
Magical Staves
 F - an uncursed staff of energy (weapon) {@w1+MP, hungerless spells, !d!a}
   (You took it off a crimson imp on level 10 of the Dungeon)
Jewellery
 e - an uncursed ring of ice {unknown}
   (You found it on level 12 of the Dungeon)
 m - the ring "Gatish" (right hand) {*Slow rN+ Str+5 Int+3}
   (You found it in a bailey)

   [ring of positive energy]

   It affects your strength (+5).
   It affects your intelligence (+3).
   It protects you from negative energy.
   It may slow you when you take damage.
 r - a ring of protection from fire (left hand) {rF+, !d}
   (You found it on level 2 of the Dungeon)
 G - an uncursed amulet of rage {+Rage, !d}
   (You found it on level 11 of the Dungeon)
 N - an amulet of magic regeneration (around neck)
   (You found it on level 8 of the Dungeon)
 O - a +4 ring of slaying {unknown}
   (You found it on level 11 of the Dungeon)
 P - an uncursed ring of protection from fire {rF+, !d}
   (You found it on level 8 of the Dungeon)
 W - an uncursed ring of resist corrosion
   (You found it on level 10 of the Dungeon)
Wands
 f - a wand of disintegration (7/24)
   (You took it off an orc on level 12 of the Dungeon)
 i - a wand of acid (0/15)
   (You found it on level 6 of the Lair of Beasts)
 q - a wand of acid (0/15)
   (You found it on level 4 of the Lair of Beasts)
 H - a wand of polymorph (22/24)
   (You found it on level 7 of the Dungeon)
Scrolls
 l - 4 scrolls of remove curse
 n - 2 scrolls of teleportation
 s - 2 scrolls of magic mapping {!r}
 v - a scroll of vulnerability {!r!r}
 x - 2 scrolls of enchant weapon
 I - 2 scrolls of fog
 J - 2 scrolls of fear
 Y - 2 scrolls of enchant armour
 Z - 3 scrolls of recharging
Potions
 a - a potion of ambrosia
 j - 3 potions of might
 k - 7 potions of flight
 o - 4 potions of cancellation
 u - 10 potions of curing
 B - 3 potions of agility
 K - a potion of cure mutation {!q}
 L - 2 potions of brilliance
 R - 2 potions of invisibility
 S - 5 potions of haste
 V - a potion of heal wounds
 X - 2 potions of lignification {!q}
Miscellaneous
 U - a disc of storms
   (You found it on level 10 of the Dungeon)
Comestibles
 d - 5 bread rations {@e1}
 h - 2 slices of pizza
 w - 6 meat rations {@e2}
 T - 4 fruits


   Skills:
 - Level 13.8 Fighting
 - Level 14.0 Armour
 + Level 4.0 Dodging
 - Level 2.5 Stealth
 - Level 11.0 Spellcasting
 - Level 0.7 Transmutations
 - Level 17.3 Earth Magic
 - Level 5.1 Evocations


You had 2 spell levels left.
You knew the following spells:

 Your Spells              Type           Power        Failure   Level  Hunger
a - Orb of Destruction    Conj           ###.......   100%        7    None
b - Blink                 Tloc           N/A          10%         2    None
c - Petrify               Tmut/Erth      ######..     1%          4    None
d - Repel Missiles        Chrm/Air       ###...       10%         2    None
e - Iron Shot             Conj/Erth      ######....   7%          6    None
r - Regeneration          Chrm/Necr      ###.......   17%         3    None
w - Passwall              Tmut/Erth      ######....   1%          2    None
x - Stone Arrow           Conj/Erth      ######       1%          3    None
z - Lee's Rapid Deconstr  Erth           #######...   1%          5    None


Dungeon Overview and Level Annotations

Branches:
Dungeon (12/15)            Temple (1/1) D:4            Lair (6/6) D:10
 Shoals (0/4) Lair:3       Spider (0/4) Lair:3        Slime (0/5) Lair:6
    Orc (2/2) D:12            Elf (0/3) Orc:2

Altars:
Ashenzari
Cheibriados
Dithmenos
Elyvilon
Fedhas
Gozag
Hepliaklqana
Kikubaaqudgha
Makhleb
Nemelex Xobeh
Okawaru
Qazlal
Ru
Sif Muna
Trog
Uskayaw
Vehumet
Xom
Yredelemnul
Zin
The Shining One
Beogh
Jiyva

Shops:
D:10 =   D:11 [   Orc:1 ?   Orc:2 [


Innate Abilities, Weirdness & Mutations

You are resistant to torment.
Your stone body is resilient. (AC +11)
You are immune to poison.
Your large and strong wings let you fly indefinitely.
You resist negative energy. (rN+)
You are resistant to electric shocks. (rElec)
You can survive without breathing.
You are immune to petrification.
You are immune to rotting.
You have a pair of small horns on your head.
You are partially covered in iridescent scales. (AC +2)
Your flesh is cold resistant. (rC+)
You have an increased reservoir of magic. (+10% MP)
Your muscles are strong. (Str +2)


Message History

You now have 16/43 mp.
You are too injured to fight recklessly!
Unknown command.
Which direction?
You sense an overwhelming volume of rock.
You now have 15/43 mp.
You are too injured to fight recklessly!
Unknown command.
Which direction?
You begin to meditate on the wall.
You continue meditating on the rock. x3
You finish merging with the rock.
The ogre shouts!
Aim: an ogre, wielding a giant club The iron shot hits the ogre.
You kill the ogre!
Vehumet accepts your kill.
You feel your power returning.
You now have 13/43 mp.
You are too injured to fight recklessly!
You regained 2 hp, and now have 59/100 hp.
You regained 2 mp, and now have 16/43 mp.
An orc warlord is nearby!
You are too injured to fight recklessly!
The orc warlord roars a battlecry!
The orc warrior goes into a battle-frenzy!
The orc warrior no longer looks unusually strong.
Which direction?
You begin to meditate on the wall.
You continue meditating on the rock.
The orc warlord roars a battlecry!
The orc warrior goes into a battle-frenzy!
All of the chunks of flesh in your inventory have rotted away.
You continue meditating on the rock.
The orc warrior misses you.
You finish merging with the rock.
Which direction?
You begin to meditate on the wall.
You continue meditating on the rock. x2
The orc warrior hits you but does no damage.
You continue meditating on the rock.
The orc warrior closely misses you.
You continue meditating on the rock.
You finish merging with the rock.
Unknown command.
You start resting.
Which direction?
This rock feels extremely deep.
You now have 27/43 mp.
Unknown command.
Which direction?
This rock feels extremely deep.
The orc warlord hits you with an enchanted long sword.
You feel yourself slow down.
You take 6 damage, and have 63/100 hp.
You now have 25/43 mp.
Unknown command.
Which direction?
This rock feels extremely deep.
The orc warrior no longer looks unusually strong.
The orc warrior misses you. The orc warlord barely misses you.
The orc warrior barely misses you.
The orc warlord hits you but does no damage.
You now have 24/43 mp.
Unknown command.
Unknown command.
Which direction?
This rock feels extremely deep.
The orc warrior hits you but does no damage.
The orc warlord roars a battlecry!
The orc warrior goes into a battle-frenzy!
You now have 23/43 mp.
Unknown command.
Which direction?
The orc warlord hits you with an enchanted long sword.
You feel as though you will be slow longer.
The orc warrior hits you but does no damage.
You begin to meditate on the wall.
You continue meditating on the rock.
The orc warlord hits you with an enchanted long sword.
The orc warrior hits you with a war axe!
You continue meditating on the rock.
The orc warlord hits you with an enchanted long sword.
The orc warrior hits you with a war axe!!
The orc warlord hits you but does no damage.
The orc warrior hits you with a war axe.
You finish merging with the rock.
You take 29 damage, and have 35/100 hp.
MASSIVE DAMAGE!!
Which direction?
This rock feels extremely deep.
You now have 22/43 mp.
Unknown command.
The orc warlord closely misses you.
Which direction?
The orc warlord hits you with an enchanted long sword!!
* * * LOW HITPOINT WARNING * * *
You begin to meditate on the wall.
You continue meditating on the rock.
The orc warrior no longer looks unusually strong.
The orc warlord roars a battlecry!
The orc warrior goes into a battle-frenzy!
The orc warlord hits you but does no damage.
You continue meditating on the rock.
The orc warlord hits you with an enchanted long sword!!
You die...

......#..<.∩....................#
..........⌠.⌠#.......$....)......
.................................
###..............................
#.#..#........$.).......>......
#.#.#.........[)$$.............
#..........#..$#####...[.......
###.......oo.$#..#...#.....##.#..
.......o.o.#.###@#._)#......##.#.
####.......### #o#..)#.......$...
###.##...# #o###'#.....(.....
##.#...## #.......#.......#.
#......## ###......##......#
##......# #......#####...#.
#......## ##.#.### #..[..
##.##.## ##### ##.##. ######
#####


You could see an orc warlord and an orc warrior.

Vanquished Creatures
  Rupert (D:12)
  Frances (D:12)
  Gastronok (D:9)
  Kirke (D:12)
  An ettin (Orc:2)
  Snorg (D:12)
  Josephine (D:12)
  A fire dragon (Lair:6)
  Fannar (D:12)
  The ghost of TheWoodenMan the Cleaver, a journeyman HOBe of Trog (D:10)
  6 hydras
  A catoblepas (Lair:4)
  A death knight (D:12)
  Sonja (Lair:1)
  Nergalle (D:10)
  2 unseen horrors
  6 hill giants
  An obsidian statue (D:8)
  A necromancer (Lair:3)
  4 orc knights
  4 orc sorcerers (Orc:2)
  2 wolf spiders
  5 black mambas
  A guardian serpent (Lair:6)
  21 spiny frogs
  2 kobold demonologists (D:11)
  2 torpor snails
  4 rime drakes
  11 komodo dragons
  3 freezing wraiths (D:12)
  A centaur skeleton (D:12)
  4 trolls
  A polar bear (Lair:5)
  Prince Ribbit (D:5)
  6 hornets
  A two-headed ogre (D:9)
  23 blink frogs
  7 hippogriffs
  3 redbacks (Lair:6)
  5 wraiths
  3 basilisks
  66 yaks
  10 wyverns
  6 steam dragons
  3 wargs
  7 vampire mosquitoes (D:12)
  Menkaure (D:6)
  2 mottled dragons
  Edmund (D:6)
  20 water moccasins
  7 porcupines
  26 orc warriors
  3 swamp drakes
  2 sky beasts (D:11)
  3 ice beasts
  An elephant zombie (Lair:3)
  9 ogres
  3 phantoms
  23 wolves
  10 centaurs
  13 crocodiles
  15 bullfrogs
  A komodo dragon zombie (Lair:3)
  A gnoll sergeant (D:6)
  3 big kobolds
  A wyvern skeleton (D:11)
  8 scorpions
  16 killer bees
  7 jellies
  9 wights
  10 electric eels
  5 howler monkeys
  2 bullfrog zombies
  8 crimson imps
  14 hounds
  12 orc priests
  6 iguanas
  Ijyb (D:2)
  Natasha (thrice) (D:2)
  13 worker ants
  16 orc wizards
  A killer bee zombie (D:9)
  2 crocodile zombies (Lair:3)
  7 gnolls
  2 worker ant zombies
  23 adders
  A river rat (Lair:6)
  4 shadow imps
  An ooze (D:1)
  An adder skeleton (D:7)
  An adder zombie (D:9)
  3 worms
  5 dart slugs
  7 leopard geckos
  88 orcs
  8 bats
  4 bat zombies (D:5)
  4 giant cockroaches
  10 goblins
  5 hobgoblins
  11 jackals
  7 quokkas
  A ball python (D:5)
  4 frilled lizards
  17 kobolds
  A leopard gecko skeleton (D:7)
  A quokka skeleton (D:5)
  4 rats
  5 fungi
  3 plants
742 creatures vanquished.

Vanquished Creatures (others)
  9 fungi
  42 plants
51 creatures vanquished.

Grand Total: 793 creatures vanquished

Notes
Turn   | Place    | Note
-------+----------+-------------------------------------------
     0 | D:1      | kroki the Gargoyle Earth Elementalist began the quest for the Orb.
     0 | D:1      | Reached XP level 1. HP: 10/10 MP: 3/3
   181 | D:1      | Reached XP level 2. HP: 12/15 MP: 3/5
   270 | D:1      | Learned a level 2 spell: Passwall
   377 | D:1      | Reached skill level 4 in Earth Magic
   837 | D:1      | Reached XP level 3. HP: 18/19 MP: 0/6
  1150 | D:2      | Reached skill level 5 in Earth Magic
  1225 | D:2      | Reached XP level 4. HP: 19/24 MP: 1/7
  1396 | D:2      | Noticed Natasha
  1416 | D:2      | Killed Natasha
  1581 | D:2      | Noticed Natasha
  1596 | D:2      | Killed Natasha
  1596 | D:2      | Reached skill level 6 in Earth Magic
  1652 | D:2      | Noticed Natasha
  1654 | D:2      | Killed Natasha
  1654 | D:2      | Reached XP level 5. HP: 28/28 MP: 6/8
  1719 | D:2      | Found a hazy altar of Hepliaklqana.
  1799 | D:2      | Noticed Ijyb
  1806 | D:2      | Killed Ijyb
  1806 | D:2      | Reached skill level 7 in Earth Magic
  2278 | D:2      | Found a hide-covered altar of Uskayaw.
  2471 | D:3      | Found a faded altar of an unknown god.
  2558 | D:3      | Found a basalt altar of Yredelemnul.
  2574 | D:3      | Reached XP level 6. HP: 25/32 MP: 5/9
  3240 | D:4      | Reached skill level 8 in Earth Magic
  3324 | D:4      | Found a snail-covered altar of Cheibriados.
  3632 | D:4      | Reached XP level 7. HP: 33/36 MP: 7/10
  3639 | D:4      | Reached skill level 9 in Earth Magic
  3704 | D:4      | Found a sacrificial altar of Ru.
  4041 | D:4      | Reached skill level 10 in Earth Magic
  4052 | D:4      | Found a staircase to the Ecumenical Temple.
  4058 | Temple   | Entered the Ecumenical Temple
  4215 | Temple   | Became a worshipper of Vehumet
  4288 | D:5      | Entered Level 5 of the Dungeon
  4393 | D:5      | Reached XP level 8. HP: 28/41 MP: 7/11
  4608 | D:5      | Reached skill level 11 in Earth Magic
  4665 | D:5      | Found a glowing silver altar of Zin.
  4689 | D:5      | Learned a level 5 spell: Lee's Rapid Deconstruction
  4838 | D:5      | Found an ancient bone altar of Kikubaaqudgha.
  4920 | D:5      | Noticed Prince Ribbit
  4932 | D:5      | Killed Prince Ribbit
  5011 | D:5      | Found a shimmering altar of Xom.
  5214 | D:5      | Found a shimmering altar of Xom.
  5241 | D:5      | Found a blossoming altar of Fedhas.
  5241 | D:5      | Found a blossoming altar of Fedhas.
  5243 | D:5      | Found a shimmering altar of Xom.
  5243 | D:5      | Found a white marble altar of Elyvilon.
  5243 | D:5      | Found a sparkling altar of Nemelex Xobeh.
  5348 | D:6      | Noticed Edmund
  5352 | D:6      | Killed Edmund
  5352 | D:6      | Reached skill level 12 in Earth Magic
  5816 | D:6      | Reached skill level 13 in Earth Magic
  5852 | D:6      | Noticed a wyvern
  5857 | D:6      | Killed a wyvern
  5857 | D:6      | Reached XP level 9. HP: 39/45 MP: 7/12
  5925 | D:6      | Reached * piety under Vehumet
  5925 | D:6      | Offered knowledge of Freeze by Vehumet.
  5980 | D:6      | Reached skill level 1 in Fighting
  6031 | D:6      | Reached skill level 2 in Fighting
  6319 | D:6      | Reached skill level 3 in Fighting
  6328 | D:6      | Noticed Menkaure
  6329 | D:6      | Killed Menkaure
  6346 | D:6      | Reached skill level 4 in Fighting
  6346 | D:6      | Reached skill level 5 in Fighting
  6357 | D:6      | Reached skill level 6 in Fighting
  6381 | D:6      | Reached skill level 3 in Spellcasting
  6810 | D:7      | Learned a level 4 spell: Petrify
  6853 | D:7      | Reached skill level 4 in Spellcasting
  6886 | D:7      | Found a stormy altar of Qazlal.
  7172 | D:7      | Reached XP level 10. HP: 56/61 MP: 13/17
  7188 | D:7      | Reached skill level 5 in Spellcasting
  7569 | D:7      | Reached skill level 6 in Spellcasting
  7768 | D:8      | Reached skill level 1 in Armour
  7823 | D:8      | Reached skill level 2 in Armour
  7852 | D:8      | Reached ** piety under Vehumet
  7896 | D:8      | Offered knowledge of Shock by Vehumet.
  8034 | D:8      | Reached skill level 3 in Armour
  8217 | D:8      | Noticed an obsidian statue
  8265 | D:8      | Noticed a sun demon
  8265 | D:8      | Killed an obsidian statue
  8265 | D:8      | Reached skill level 5 in Armour
  8790 | D:8      | Reached skill level 6 in Armour
  8835 | D:9      | Found a burning altar of Makhleb.
  8978 | D:9      | Noticed Gastronok
  9092 | D:9      | Offered knowledge of Mephitic Cloud by Vehumet.
  9388 | D:9      | Reached skill level 7 in Armour
  9427 | D:9      | Found an iron altar of Okawaru.
  9519 | D:9      | HP: 5/61 [Gastronok/the air (33)]
  9521 | D:9      | Noticed a hill giant
  9535 | D:9      | Killed a hill giant
  9535 | D:9      | Reached skill level 8 in Armour
  9650 | D:9      | Killed Gastronok
  9650 | D:9      | Reached skill level 10 in Armour
  9650 | D:9      | Reached XP level 11. HP: 49/66 MP: 1/20
 10107 | D:10     | Entered Level 10 of the Dungeon
 10107 | D:10     | Noticed Nergalle
 10107 | D:10     | Noticed TheWoodenMan's ghost (journeyman HOBe)
 10154 | D:10     | Found Fanoust's Jewellery Shoppe.
 10225 | D:10     | Reached *** piety under Vehumet
 10237 | D:10     | Found a flagged portal.
 10385 | Bailey   | Entered a bailey
 10708 | Bailey   | Noticed an orc knight
 10709 | Bailey   | Noticed an orc knight
 11018 | Bailey   | Offered knowledge of Inner Flame by Vehumet.
 11020 | Bailey   | Killed an orc knight
 11020 | Bailey   | Reached skill level 7 in Fighting
 11020 | Bailey   | Killed an orc knight
 11218 | Bailey   | Got a heavily runed lead ring
 11331 | Bailey   | Identified the ring "Gatish" {*Slow rN+ Str+5 Int+3} (You found it in a bailey)
 11371 | D:10     | Killed an unseen horror
 11371 | D:10     | Reached skill level 14 in Earth Magic
 11438 | D:10     | Killed Nergalle
 11599 | D:10     | Learned a level 3 spell: Stone Arrow
 11740 | D:10     | Reached skill level 8 in Fighting
 12183 | D:10     | Reached **** piety under Vehumet
 12199 | D:10     | Found a staircase to the Lair.
 12423 | Lair:1   | Entered Level 1 of the Lair of Beasts
 12535 | Lair:1   | Noticed a five-headed hydra
 12536 | Lair:1   | Killed a five-headed hydra
 12619 | Lair:1   | Learned a level 2 spell: Repel Missiles
 12622 | Lair:1   | Learned a level 2 spell: Blink
 12626 | Lair:1   | Learned a level 3 spell: Regeneration
 12746 | Lair:1   | Reached skill level 15 in Earth Magic
 12746 | Lair:1   | Reached XP level 12. HP: 75/75 MP: 21/21
 12820 | Lair:1   | Offered knowledge of Static Discharge by Vehumet.
 12820 | Lair:1   | Reached skill level 9 in Fighting
 13034 | Lair:1   | Noticed Sonja
 13042 | Lair:1   | Killed Sonja
 13527 | Lair:1   | Reached skill level 16 in Earth Magic
 13683 | Lair:2   | Reached skill level 2 in Dodging
 13701 | Lair:2   | Noticed a five-headed hydra
 14112 | Lair:2   | Killed a five-headed hydra
 14504 | Lair:2   | Reached skill level 3 in Dodging
 14504 | Lair:2   | Reached skill level 10 in Fighting
 14935 | Lair:3   | Noticed a six-headed hydra
 14940 | Lair:3   | Killed a six-headed hydra
 14953 | Lair:3   | Reached XP level 13. HP: 67/82 MP: 20/22
 15100 | Lair:3   | Found a hole to the Spider Nest.
 15258 | Lair:3   | Found a staircase to the Shoals.
 15417 | Lair:3   | Reached skill level 17 in Earth Magic
 15418 | Lair:3   | Reached skill level 11 in Armour
 15978 | Lair:3   | Reached skill level 4 in Dodging
 16110 | Lair:3   | Reached ***** piety under Vehumet
 16110 | Lair:3   | Offered knowledge of Orb of Destruction by Vehumet.
 16166 | Lair:3   | Got a crystal spear
 16277 | Lair:3   | Gained mutation: Armour fits poorly on your strangely shaped body. [potion of mutation]
 16277 | Lair:3   | Gained mutation: You are partially covered in iridescent scales. (AC +2) [potion of mutation]
 16277 | Lair:3   | Lost mutation: Armour fits poorly on your strangely shaped body. [potion of mutation]
 16278 | Lair:3   | Gained mutation: You have a pair of small horns on your head. [potion of mutation]
 16278 | Lair:3   | Gained mutation: Your muscles are strong. (Str +2) [potion of mutation]
 16279 | Lair:3   | Gained mutation: You have an increased reservoir of magic. (+10% MP) [potion of beneficial mutation]
 17047 | Lair:4   | Found a runed door.
 17109 | Lair:4   | Reached skill level 7 in Spellcasting
 17646 | Lair:4   | Reached skill level 8 in Spellcasting
 17657 | Lair:4   | Learned a level 7 spell: Orb of Destruction
 17893 | Lair:5   | Reached skill level 1 in Evocations
 18017 | Lair:5   | Reached skill level 2 in Evocations
 18298 | Lair:5   | Reached skill level 3 in Evocations
 18406 | Lair:5   | Reached skill level 4 in Evocations
 18732 | Lair:5   | Got a shimmering wooden ring
 19384 | Lair:6   | Entered Level 6 of the Lair of Beasts
 19433 | Lair:5   | Reached skill level 5 in Evocations
 19495 | Lair:6   | Gained mutation: Your large and strong wings let you fly indefinitely. [Gargoyle growth]
 19495 | Lair:6   | Reached XP level 14. HP: 88/88 MP: 27/28
 19503 | Lair:6   | Reached skill level 11 in Fighting
 19504 | Lair:6   | Offered knowledge of Iron Shot by Vehumet.
 19697 | Lair:5   | Reached skill level 9 in Spellcasting
 20263 | Lair:6   | Identified the ring "Moedwy" {-Tele rF++ Int+5 Stlth+} (You found it on level 5 of the Lair of Beasts)
 20457 | Lair:6   | Found a viscous altar of Jiyva.
 20457 | Lair:6   | Found a staircase to the Slime Pits.
 20543 | Lair:6   | Reached skill level 10 in Spellcasting
 20834 | Lair:6   | Learned a level 6 spell: Iron Shot
 21562 | Lair:6   | HP: 21/90 [fire dragon/blast of flame (13)]
 21565 | Lair:6   | Reached skill level 11 in Spellcasting
 21883 | Lair:6   | Offered knowledge of Ozocubu's Refrigeration by Vehumet.
 22668 | D:10     | Killed TheWoodenMan's ghost
 22921 | D:11     | Reached skill level 12 in Armour
 23457 | D:11     | Found Yjiesut's Armour Boutique.
 23657 | D:11     | Got a bloodstained robe
 23682 | D:11     | Identified the +1 robe of Sunlight {rN++ Regen+ Dex-5 SInv} (You found it on level 11 of the Dungeon)
 23706 | D:11     | Reached skill level 12 in Fighting
 24090 | D:12     | Reached XP level 15. HP: 96/96 MP: 33/33
 24098 | D:12     | Noticed Snorg
 24108 | D:12     | Killed Snorg
 24114 | D:12     | Noticed Rupert
 24367 | D:12     | Offered knowledge of Poison Arrow by Vehumet.
 24374 | D:12     | Noticed Fannar
 24388 | D:12     | Killed Fannar
 24801 | D:12     | Noticed Josephine
 24807 | D:12     | Killed Rupert
 24807 | D:12     | Reached skill level 13 in Armour
 24813 | D:12     | Killed Josephine
 24820 | D:12     | Reached skill level 13 in Fighting
 24971 | D:12     | Noticed Frances
 24983 | D:12     | Killed Frances
 25068 | D:12     | Got an ancient ring mail
 25079 | D:12     | Identified the cursed +1 ring mail of Jiyrot {rElec rN+ rCorr} (You found it on level 12 of the Dungeon)
 25420 | D:12     | Found a staircase to the Orcish Mines.
 25486 | D:12     | Gained mutation: Your flesh is cold resistant. (rC+) [potion of beneficial mutation]
 25837 | D:12     | Noticed Kirke
 25842 | D:12     | Killed Kirke
 26009 | Orc:1    | Entered Level 1 of the Orcish Mines
 26031 | Orc:1    | Found Ogyd's Magic Scroll Boutique.
 26039 | Orc:1    | Bought a scroll of teleportation for 45 gold pieces
 26039 | Orc:1    | Bought a scroll of teleportation for 45 gold pieces
 26282 | Orc:2    | Entered Level 2 of the Orcish Mines
 26282 | Orc:2    | Found a staircase to the Elven Halls.
 26584 | Lair:1   | Learned a level 5 spell: Lee's Rapid Deconstruction
 26874 | Orc:2    | Offered knowledge of Delayed Fireball by Vehumet.
 27071 | Orc:2    | Found Abaj's Armour Shoppe.
 27430 | Orc:2    | Found a roughly hewn altar of Beogh.
 27891 | Orc:2    | Reached skill level 14 in Armour
 27899 | Orc:2    | Noticed an orc warlord
 28082 | Orc:2    | HP: 15/100 [orc warlord/enchanted long sword (22)]
 28084 | Orc:2    | Mangled by an orc warlord

Skill      XL: |  1  2  3  4  5  6  7  8  9 10 11 12 13 14 15 |
---------------+----------------------------------------------+-----
Earth Magic    | 4 5 6 7 8 10 13 15 16 17 | 17.3
Fighting       | 6 8 10 12 13 | 13.8
Spellcasting   | 4 6 8 11 | 11.0
Armour         | 10 11 12 14 | 14.0
Dodging        | 3 4 |  4.0
Evocations     | 5 |  5.1
Stealth        | |  2.5
Transmutations | |  0.7

Action                   |  1- 3 |  4- 6 |  7- 9 | 10-12 | 13-15 || total
-------------------------+-------+-------+-------+-------+-------++-------
Melee: Mace              |    19 |       |       |     2 |       ||    21
       Club              |       |     7 |    22 |    41 |    35 ||   105
       Headbutt          |       |       |       |       |     9 ||     9
       Staff             |       |       |       |       |    10 ||    10
Throw: Stone             |       |       |       |       |    28 ||    28
 Cast: Sandblast         |    39 |    90 |   137 |   184 |    23 ||   473
       Lee's Rapid Decon |       |       |     5 |   117 |   201 ||   323
       Petrify           |       |       |       |    32 |    82 ||   114
       Passwall          |       |       |       |    19 |    15 ||    34
       Stone Arrow       |       |       |       |    39 |   245 ||   284
       Repel Missiles    |       |       |       |       |     2 ||     2
       Iron Shot         |       |       |       |       |   194 ||   194
       Regeneration      |       |       |       |       |     1 ||     1
 Abil: Fly               |       |       |       |       |     1 ||     1
Evoke: Staff of energy   |       |       |       |       |    82 ||    82
       Wand              |       |       |       |       |     5 ||     5
  Use: Scroll            |     8 |     4 |     5 |     6 |    23 ||    46
       Potion            |       |       |       |     2 |     4 ||     6
 Stab: Petrified         |       |       |       |     3 |     2 ||     5
       Petrifying        |       |       |       |     1 |       ||     1
  Eat: Chunk             |     2 |     8 |    13 |    23 |    25 ||    71
       Beef jerky        |       |       |     1 |     1 |     3 ||     5
       Bread ration      |       |       |       |     2 |     3 ||     5
       Royal jelly       |       |       |       |     2 |     1 ||     3
       Meat ration       |       |       |       |     1 |       ||     1
       Pizza             |       |       |       |       |     1 ||     1
Armor: Robe              |     6 |       |       |       |       ||     6
       Leather armour    |    16 |    29 |       |       |       ||    45
       Ring mail         |       |     7 |    27 |     7 |    83 ||   124
       Scale mail        |       |       |    29 |   214 |   378 ||   621
Dodge: Dodged            |    35 |    30 |    57 |   175 |   461 ||   758
       Deflected         |       |       |       |       |     7 ||     7

Vault maps used:
D:1:      moated_graveyard_arrival, grunt_decor_cap, serial_bayou_lagoon_a,
          minmay_misc_feat_more_columns
D:2:      old_standard_altar, overflow_temple_1_default, uniq_iyjb, uniq_natasha
D:3:      nicolae_overflow_crystal_walls, ecumenical_altar_1
D:4:      nicolae_ru_great_annihilating_truth, kennysheep_slug_shrine
D:5:      lemuel_zombie_altar_kikubaaqudgha, kennysheep_mini_moat,
          kennysheep_little_box, first_bread, doesnt_xom_only_xom,
          uniq_prince_ribbit1
D:6:      uniq_edmund, uniq_menkaure
D:7:      basic_altar
D:8:      minmay_statue_hallways
D:9:      old_standard_altar, okawaru_ov_weapons_minmay, uniq_gastronok
D:10:     lair_0_dummy, enter_bailey_7, serial_shops, nicolae_shop_waterfront,
          uniq_nergalle
D:11:     serial_shops, nicolae_shop_waterfront
D:12:     erik_orc_1, uniq_snorg, uniq_fannar, uniq_kirke, uniq_josephine,
          uniq_frances, uniq_rupert
Temple:   jpeg_temple_clearing
Lair:1:   beast_lair_carwin_10, uniq_sonja
Lair:2:   infiniplex_staircase_pool_2, serial_bayou_shore_a
Lair:3:   pond_and_an_island_with_a_cottage, elwin_shoals_entry_rocks,
          spider_nest_entry_rubble
Lair:4:   serial_bayou_ford_a, pf_torpor_hydra
Lair:5:   st_stairs_12, minivault_11, lemuel_fruit_fields
Lair:6:   guppyfry_lair_end_dragon, hangedman_lair_tendril_chambers,
          dpeg_slime_entry_enclosed_altar, st_stairs_8, serial_bayou_lagoon_b,
          serial_bayou_shore_b
Orc:1:    serial_shops, shop, lemuel_statue_altar
Orc:2:    grunt_orc_community_town_hall, grunt_orc_community_big_house_1,
          grunt_orc_community_big_house_1, grunt_orc_community_house_3,
          grunt_orc_community_house_3, grunt_orc_community_house_1,
          grunt_orc_community_house_1, grunt_orc_community_house_3,
          grunt_orc_community_house_1, serial_shops, shop_fountains
Bailey:   bailey_polearm_1, bailey

Table legend:
 A = Turns spent in this place as a percentage of turns spent in the entire game.
 B = Non-inter-level travel turns spent in this place as a percentage of non-inter-level travel turns spent in the entire game.
 C = Inter-level travel turns spent in this place as a percentage of turns spent in this place.
 D = Turns resting spent in this place as a percentage of non-inter-level travel turns spent in this place.
 E = Turns spent auto-exploring this place as a percentage of non-inter-level travel turns spent in this place.
 F = Non-inter-level travel turns spent in this place divided by the number of levels of this place that you've seen.
                   A       B       C       D       E      F
               +-------+-------+-------+-------+-------+----------------------
         Total | 100.0 | 100.0 |   0.5 |   0.2 |   9.6 | 429.3
       Dungeon |  63.9 |  63.9 |   0.5 |   0.1 |   9.2 | 503.0
        Temple |   0.4 |   0.4 |   4.9 |   0.0 |  46.2 |  39.0
          Lair |  26.9 |  26.9 |   0.5 |   0.0 |  10.1 | 423.8
  Orcish Mines |   6.8 |   6.8 |   0.6 |   0.3 |   7.5 | 320.0
        Bailey |   2.0 |   2.0 |   0.0 |   5.4 |  18.8 | 186.0
               +-------+-------+-------+-------+-------+----------------------

Table legend:
 A = Kills in this place as a percentage of kills in entire the game.
 B = Kills by you in this place as a percentage of kills by you in the entire game.
 C = Kills by friends in this place as a percentage of kills by friends in the entire game.
 D = Other kills in this place as a percentage of other kills in the entire game.
 E = Experience gained in this place as a percentage of experience gained in the entire game.
 F = Experience gained in this place divided by the number of levels of this place that you have seen.
                   A       B       C       D       E      F
               +-------+-------+-------+-------+-------+----------------------
         Total | 100.0 | 100.0 |  -nan |  -nan | 100.0 | 5217.6
       Dungeon |  51.1 |  51.1 |  -nan |  -nan |  36.7 | 3506.9
          Lair |  35.8 |  35.8 |  -nan |  -nan |  53.8 | 10298.7
  Orcish Mines |  11.0 |  11.0 |  -nan |  -nan |   7.8 | 4503.5
        Bailey |   2.0 |   2.0 |  -nan |  -nan |   1.7 | 1905.0
               +-------+-------+-------+-------+-------+----------------------
